 Dungeon Crawl Stone Soup version 0.21.1-1-g345015f (webtiles) character file.

5048 suicidejoker the Covert (level 10, -1/69 HPs)
             Began as an Octopode Hunter on Mar 18, 2018.
             Was an Elder of Cheibriados.
             Slain by rawrhax's ghost (29 damage)
             ... on level 9 of the Dungeon.
             The game lasted 00:28:51 (10426 turns).

suicidejoker the Covert (Octopode Hunter)          Turns: 10426, Time: 00:28:52

Health: -1/69      AC:  1    Str: 29      XL:     10   Next: 55%
Magic:  19/19      EV: 18    Int: 28      God:    Cheibriados [****..]
Gold:   524        SH:  0    Dex: 21 (22) Spells: 7/9 levels left

rFire    . . .     SeeInvis .   Y - +4 scimitar of Profit {venom, *Corrode rC- MR+ Str+7}
rCold    . . .     Gourm    .   (no shield)
rNeg     . . .     Faith    .   (helmet restricted)
rPois    .         Spirit   .   (no amulet)
rElec    .         Reflect  .   d - +4 ring of intelligence
rCorr    .         Harm     .   r - +4 ring of slaying
MR       +....                  i - ring of magical power
Stlth    ++++++++..             y - ring of flight
HPRegen  0.21/turn              j - ring of protection from cold (curse)
MPRegen  0.16/turn              A - ring of fire
                                S - ring of ice
                                X - ring of stealth

@: very slow
A: almost no armour, stealthy swim, amphibious, 8 rings, constrict 8, camouflage
1, gelatinous body 1
a: Bend Time, Temporal Distortion, Slouch, Renounce Religion, Evoke Flight


You were on level 9 of the Dungeon.
You worshipped Cheibriados.
Cheibriados was greatly pleased with you.
You were very hungry.

You visited 2 branches of the dungeon, and saw 10 of its levels.
You also visited: Sewer and Ossuary.

You collected 524 gold pieces.

Inventory:

Hand Weapons
 a - a +4 hand crossbow
 b - a +3 dagger
 u - a +0 blowgun
 z - a +0 shortbow
 Y - the +4 scimitar of Profit (weapon) {venom, *Corrode rC- MR+ Str+7}
   (You found it on level 8 of the Dungeon)

   It poisons the flesh of those it strikes.
   It affects your strength (+7).
   It makes you vulnerable to cold.
   It affects your resistance to hostile enchantments.
   It may corrode you when you take damage.
Missiles
 c - 99 bolts
 g - 182 arrows
 k - 17 tomahawks
 m - 206 stones (quivered)
 n - 59 sling bullets
 t - 6 curare-tipped needles
 v - 11 poisoned needles
 B - 7 needles of confusion
 W - 2 throwing nets
Jewellery
 d - a +4 ring of intelligence (left tentacle)
 i - a ring of magical power (on tentacle)
 j - a cursed ring of protection from cold (on tentacle)
 r - a +4 ring of slaying (right tentacle)
 y - a ring of flight (on tentacle)
 A - a ring of fire (on tentacle)
 D - an uncursed ring of protection from cold
 S - a ring of ice (on tentacle)
 X - a ring of stealth (on tentacle)
Wands
 l - a wand of disintegration (27)
 o - a wand of flame (33)
 x - a wand of clouds (4)
 H - a wand of paralysis (13)
 K - a wand of enslavement (25)
Scrolls
 e - 5 scrolls of teleportation
 p - 3 scrolls of amnesia
 s - 9 scrolls of identify
 w - 4 scrolls of remove curse
 G - 3 scrolls of immolation
 J - 2 scrolls of fear
 R - 2 scrolls of fog
 Z - a scroll of enchant armour
Potions
 f - 2 potions of brilliance
 h - 5 potions of flight
 C - 3 potions of lignification
 N - a potion of magic
 P - a potion of mutation {unknown}
 Q - 3 potions of might {unknown}
 U - a potion of haste {unknown}
Books
 F - a book of Minor Magic

   Spells                             Type                      Level
   a - Magic Dart                     Conjuration                  1
   b - Blink                          Translocation                2
   c - Call Imp                       Summoning                    2
   d - Slow                           Hexes                        2
   e - Conjure Flame                  Conjuration/Fire             3
   f - Mephitic Cloud                 Conjuration/Poison/Air       3
 V - a book of Frost

   Spells                             Type                      Level
   a - Freeze                         Ice                          1
   b - Throw Frost                    Conjuration/Ice              2
   c - Ozocubu's Armour               Charms/Ice                   3
   d - Throw Icicle                   Conjuration/Ice              4
   e - Summon Ice Beast               Ice/Summoning                4
Comestibles
 q - 6 rations


   Skills:
 + Level 6.4 Fighting
 * Level 9.7 Crossbows
 + Level 6.4 Dodging
 * Level 12.4 Stealth


You had 7 spell levels left.
You knew the following spells:

 Your Spells              Type           Power        Failure   Level  Hunger
a - Blink                 Tloc           N/A          17%         2    ###....


Dungeon Overview and Level Annotations

Branches:
Dungeon (9/15)             Temple (1/1) D:5
   Lair: D:8-11         Orc: D:9-12

Altars:
Ashenzari
Cheibriados
Dithmenos
Elyvilon
Fedhas
Gozag
Hepliaklqana
Kikubaaqudgha
Makhleb
Nemelex Xobeh
Okawaru
Qazlal
Ru
Sif Muna
Trog
Uskayaw
Vehumet
Wu Jian
Xom
Yredelemnul
Zin
The Shining One

Shops:
D:8 [

Annotations:
D:9 rawrhax's ghost, novice MiBe


Innate Abilities, Weirdness & Mutations

You cannot wear most types of armour.
You are very stealthy in the water. (Stealth+)
You are amphibious.
You can wear up to eight rings at the same time.
You can use your tentacles to constrict eight enemies at once.
Your skin changes colour to match your surroundings (Stealth+).
Your rubbery body absorbs attacks. (AC +1, EV +1)


Message History

You feel much better. Rawrhax's ghost closely misses you.
You slash rawrhax's ghost!
You squeeze rawrhax's ghost, but do no damage.
Rawrhax's ghost is moderately damaged.
Rawrhax's ghost yells, "Who would have thought, even in death it is a pleasure to sever!"
Rawrhax's ghost hits you. Rawrhax's ghost hits you!
You barely miss rawrhax's ghost. You squeeze rawrhax's ghost.
Rawrhax's ghost is moderately damaged.
Rawrhax's ghost ripples.
Rawrhax's ghost hits you.
You hit rawrhax's ghost but do no damage.
You squeeze rawrhax's ghost!
Rawrhax's ghost is moderately damaged.
Rawrhax's ghost barely misses you.
You riposte.
You slash rawrhax's ghost!
Rawrhax's ghost is heavily damaged.
Rawrhax's ghost barely misses you.
You riposte.
You slash rawrhax's ghost!
You squeeze rawrhax's ghost, but do no damage.
Rawrhax's ghost is severely damaged.
You feel better. Rawrhax's ghost hits you!!
You die...

*,,,,,,*,,,,,,,,*#..........#
*,,,,,,*,,,,,,,,............#
*,,,,,,*,,,,,,,,###+######..#
*,****,*,,,,,,,,#........#..#
*,* *,*,,,,,,,,#.W......#...
*,****,*,,,,,,,,#........#...
*,,,,..#####+####........'...
*,,,,...............}....#...
*,***.......@W(..........#...
*,***....####............#...
*,,,,....####.....^......#...
*,,,,,...................#...
*,,,,,...................#...
*,,,,,...................####
*,,,,,..........##########***
*,,,,,..........#....#*,,,,,,
*,,,,,..........#....#*,,,,,,


You could see rawrhax's ghost.

Vanquished Creatures
  A troll (D:9)
  A hippogriff (D:7)
  Grinder (Sewer)
  Sigmund (D:6)
  2 hungry ghosts (D:7)
  An ice beast (D:3)
  A hornet zombie (D:8)
  2 phantoms
  2 orc warriors (D:6)
  4 ogres
  6 centaurs
  2 big kobolds (Sewer)
  A bullfrog (D:6)
  2 scorpions
  7 killer bees
  2 centaur zombies (Ossuary)
  3 crimson imps
  3 hounds
  2 quasits
  7 bullfrog zombies
  8 orc priests
  2 centaur skeletons
  A gnoll shaman (D:7)
  A jelly (D:5)
  Crazy Yiuf (D:4)
  8 orc wizards
  2 iguanas
  A worker ant (D:8)
  2 killer bee zombies (Ossuary)
  5 hound zombies
  20 mummies
  The ghost of BloodyMutt the Caller, a weakling SpSu (D:3)
  3 worker ant zombies (Ossuary)
  Robin (D:2)
  9 adders
  14 gnolls
  2 river rats (D:4)
  4 shadow imps (Sewer)
  5 ufetubi (Sewer)
  An ooze (D:2)
  3 adder zombies (Ossuary)
  An adder skeleton (D:8)
  2 worms (D:2)
  A dart slug (D:1)
  A leopard gecko (D:4)
  15 orcs
  4 giant cockroaches
  18 goblins
  12 hobgoblins
  2 jackals (D:7)
  A quokka (D:2)
  3 bats
  6 frilled lizards
  A hobgoblin zombie (D:7)
  22 kobolds
  A kobold zombie (Sewer)
  A leopard gecko skeleton (D:6)
  A leopard gecko zombie (Ossuary)
  An orc zombie (D:7)
  A quokka skeleton (D:4)
  2 quokka zombies (Ossuary)
  8 rats
249 creatures vanquished.

Vanquished Creatures (others)
  A withered plant (Ossuary)
1 creature vanquished.

Grand Total: 250 creatures vanquished

Notes
Turn   | Place    | Note
-------+----------+-------------------------------------------
     0 | D:1      | suicidejoker the Octopode Hunter began the quest for the Orb.
     0 | D:1      | Reached XP level 1. HP: 14/14 MP: 1/1
    90 | D:1      | Reached XP level 2. HP: 19/19 MP: 2/2
   137 | D:1      | Reached skill level 2 in Stealth
   714 | D:2      | Reached XP level 3. HP: 14/24 MP: 3/3
   833 | D:2      | Found a glowing silver altar of Zin.
   918 | D:2      | Reached skill level 3 in Stealth
   985 | D:2      | Noticed Robin
   993 | D:2      | Killed Robin
   993 | D:2      | Reached XP level 4. HP: 30/30 MP: 4/4
  1355 | D:2      | Found a deep blue altar of Sif Muna.
  1683 | D:3      | Reached skill level 4 in Stealth
  1688 | D:3      | Reached XP level 5. HP: 28/35 MP: 5/5
  1749 | D:3      | Found a sacrificial altar of Ru.
  1816 | D:3      | Noticed BloodyMutt's ghost (weakling SpSu)
  1831 | D:3      | Killed BloodyMutt's ghost
  1899 | D:3      | Reached skill level 5 in Crossbows
  2215 | D:3      | Noticed a phantom
  2215 | D:3      | Noticed an ice beast
  2225 | D:3      | Killed an ice beast
  2225 | D:3      | Reached skill level 5 in Stealth
  2225 | D:3      | Reached XP level 6. HP: 12/42 MP: 6/6
  2241 | D:3      | HP: 2/42 [phantom (5)]
  2308 | D:3      | Killed a phantom
  2606 | D:4      | Found a glowing drain.
  2630 | Sewer    | Entered a sewer
  2686 | Sewer    | Reached XP level 7. HP: 28/46 MP: 7/7
  2692 | Sewer    | Reached skill level 6 in Stealth
  3056 | Sewer    | Found a burning altar of Makhleb.
  3389 | Sewer    | Noticed Grinder
  3428 | Sewer    | Killed Grinder
  3428 | Sewer    | Reached skill level 7 in Stealth
  3729 | Sewer    | Reached XP level 8. HP: 20/54 MP: 8/8
  4662 | D:4      | Found a runed door.
  4666 | D:4      | Noticed Crazy Yiuf
  4671 | D:4      | Killed Crazy Yiuf
  4701 | D:5      | Entered Level 5 of the Dungeon
  4742 | D:5      | Reached skill level 8 in Stealth
  5094 | D:5      | Found a staircase to the Ecumenical Temple.
  5563 | Temple   | Entered the Ecumenical Temple
  5678 | Temple   | Became a worshipper of Cheibriados the Contemplative
  5912 | D:6      | Reached skill level 9 in Stealth
  5932 | D:6      | Reached XP level 9. HP: 11/60 MP: 9/9
  5938 | D:6      | HP: 3/60 [centaur/arrow (9)]
  6017 | D:6      | Reached skill level 5 in Dodging
  6156 | D:6      | Reached skill level 5 in Fighting
  6173 | D:6      | Reached skill level 10 in Stealth
  6315 | D:6      | Reached * piety under Cheibriados
  6489 | D:6      | Noticed Sigmund
  6886 | D:6      | Noticed a dagger
  6886 | D:6      | Noticed a hand axe
  6892 | D:6      | Found a hide-covered altar of Uskayaw.
  7347 | D:6      | Killed Sigmund
  7696 | D:7      | Reached ** piety under Cheibriados
  7713 | D:7      | Reached skill level 11 in Stealth
  7880 | D:7      | Reached XP level 10. HP: 68/68 MP: 10/10
  8151 | D:7      | Found a sand-covered staircase.
  8158 | Ossuary  | Entered an ossuary
  8571 | Ossuary  | Reached *** piety under Cheibriados
  8699 | Ossuary  | Reached skill level 12 in Stealth
  9538 | D:8      | Reached **** piety under Cheibriados
  9908 | D:8      | Found a sacrificial altar of Ru.
  9909 | D:8      | Got an ivory scimitar
  9910 | D:8      | Identified the +4 scimitar of Profit {venom, *Corrode rC- MR+ Str+7} (You found it on level 8 of the Dungeon)
  9963 | D:8      | Found Higicys's Armour Shoppe.
  9986 | D:8      | Found a radiant altar of Vehumet.
 10397 | D:9      | Learned a level 2 spell: Blink
 10414 | D:9      | Noticed rawrhax's ghost (novice MiBe)
 10426 | D:9      | Slain by rawrhax's ghost

Skill      XL: |  1  2  3  4  5  6  7  8  9 10 |
---------------+-------------------------------+-----
Stealth        | 2 3 4 5 7 9 11 12 | 12.4
Crossbows      | 5 6 7 8 9 |  9.7
Fighting       | 3 4 5 6 |  6.4
Dodging        | 3 4 5 6 |  6.4

Action                   |  1- 3 |  4- 6 |  7- 9 | 10-12 || total
-------------------------+-------+-------+-------+-------++-------
Melee: Dagger            |    47 |   120 |   131 |       ||   298
       Constrict         |    11 |    24 |    28 |     3 ||    66
       Tentacles         |    11 |    22 |    21 |     8 ||    62
       Scimitar          |       |       |       |    12 ||    12
 Fire: Hand crossbow     |    16 |       |   197 |   186 ||   399
Throw: Stone             |       |     2 |       |       ||     2
  Use: Scroll            |       |     4 |     6 |     7 ||    17
       Potion            |       |     4 |     7 |     2 ||    13
 Stab: Sleeping          |     4 |    12 |     5 |     2 ||    23
       Distracted        |       |     1 |     3 |       ||     4
  Eat: Ration            |     1 |       |     2 |       ||     3
       Chunk             |     1 |     6 |     8 |     3 ||    18
Armor: Skin              |     1 |     4 |    16 |     3 ||    24
Dodge: Dodged            |    18 |    66 |   130 |    75 ||   289
       Rpst.: Scimitar   |       |       |       |     3 ||     3
